 Dungeon Crawl Stone Soup version 0.30-a0-1066-g63dfefce0d (webtiles) character file.

Game seed: 3344014685558186361

132 retardedninja the Shield-Bearer (level 4, -3/41 HPs)
             Began as a Minotaur Fighter on Apr 12, 2023.
             Was an Initiate of Hepliaklqana.
             Slain by Menkaure (20 damage)
             ... on level 5 of the Dungeon.
             The game lasted 00:04:49 (3241 turns).

retardedninja the Shield-Bearer (Minotaur Fighter)  Turns: 3241, Time: 00:04:49

Health: -3/41      AC: 10    Str: 23    XL:     4   Next: 92%
Magic:  3/3        EV:  8    Int:  5    God:    Hepliaklqana [......]
Gold:   291        SH:  4    Dex:  9    Spells: 3/3 levels left

rFire   . . .      SeeInvis .    a - +0 war axe
rCold   . . .      Faith    .    c - +0 buckler
rNeg    . . .      Spirit   .    m - +0 chain mail
rPois   .          Reflect  .    (helmet restricted)
rElec   .          Rampage  .    (no cloak)
rCorr   .                        n - +0 pair of gloves
Will    .....                    (no boots) Stlth
                                 (no amulet)
HPRegen 0.26/turn                p - +4 ring of slaying
MPRegen 0.08/turn                (no ring)

@: no status effects
A: horns 2, retaliatory headbutt
a: Renounce Religion


You were on level 5 of the Dungeon.
You worshipped Hepliaklqana.
Hepliaklqana was noncommittal.
You visited 2 branches of the dungeon, and saw 6 of its levels.

You collected 291 gold pieces.

Inventory:

Hand Weapons
 a - a +0 war axe (weapon)
Missiles
 v - a throwing net (quivered)
Armour
 c - a +0 buckler (worn)
 m - a +0 chain mail (worn)
 n - a +0 pair of gloves (worn)
Jewellery
 p - a +4 ring of slaying (left hand)
Scrolls
 b - 2 scrolls of identify
 e - a scroll of torment
 h - a scroll of enchant weapon {unknown}
 i - a scroll of fog {unknown}
 o - a scroll of vulnerability {unknown}
 q - a scroll of enchant armour {unknown}
 s - a scroll of amnesia {unknown}
 u - a scroll of acquirement {unknown}
Potions
 d - a potion of might
 f - a potion of invisibility {unknown}
 g - 5 potions of heal wounds
 j - 4 potions of curing
 k - a potion of magic
 t - 2 potions of haste
 w - a potion of attraction


   Skills:
 + Level 4.6 Fighting
 + Level 3.7 Axes
 + Level 4.6 Armour
 + Level 4.6 Shields


You had 3 spell levels left.
You didn't know any spells.
Your spell library contained the following spells:

 Spells                   Type           Power      Damage    Failure   Level
 Blink                    Tloc           0%         N/A       99%         2
 Manifold Assault         Tloc           0%         N/A       100%        4
 Storm Form               Tmut/Air       0%         N/A       100%        7


Dungeon Overview and Level Annotations

Branches:
Dungeon (5/15)             Temple (1/1) D:4

Altars:
Cheibriados
Fedhas
Hepliaklqana
Nemelex Xobeh
Okawaru
Sif Muna
Trog
Vehumet
Xom
The Shining One

Annotations:
D:4 3 runed translucent doors, sargonster's ghost, amateur HOBe
D:5 Menkaure


Innate Abilities, Weirdness & Mutations

You have a pair of horns on your head.
You reflexively headbutt those who attack you in melee.


Message History

As you read the scroll labelled FIPITI OBUTEES, it crumbles to dust.
Your body is wracked with pain!
It was a scroll of torment.
HP restored.
Key pressed, stopping explore.
Found a stone staircase leading down.
You open the door.
Found a snail-covered altar of Cheibriados.
There is an open door here.
There is an open door here.
b - a scroll of identify
There is a snail-covered altar of Cheibriados here.
b - 2 scrolls of identify (gained 1)
Found 3 boomerangs.
No target in view!
No target in view!
You see here 3 boomerangs.
You open the door.
Found a stone staircase leading up.
No target in view!
Menkaure and a sleepcap come into view.
Menkaure shouts!
Found a potion of curing.
You see here 10 gold pieces.
A sleepcap is nearby!
A sleepcap is nearby!
You slash the sleepcap! You headbutt the sleepcap.
The sleepcap is heavily damaged.
The sleepcap releases spores at you but does no damage.
There are monsters nearby!
You slash the sleepcap!
You destroy the sleepcap!
Menkaure casts a spell.
Menkaure seems to speed up.
Unknown command.
Menkaure hits you. Menkaure hits you!!
You slash Menkaure!
Menkaure is severely damaged.
Menkaure hits you!!
You die...

.. .. ######.##+#
+....#.##.# ##.##
#...#.##.# #....
....!.#.# #..# ##
#M#..#.####..####. #@.#
#.......##...
#####$###.......##...
#...<...........##...
...#.#######.......#...
.. +.....#.#... #.
#.....#..... #
#...(#####..
+....'......
#....#######


You could see Menkaure (fast).

Vanquished Creatures
  Jessica (D:3)
  A sleepcap (D:5)
  2 adders
  A dart slug (D:1)
  5 orcs (D:5)
  8 endoplasms
  A giant cockroach (D:3)
  4 goblins
  5 hobgoblins
  4 jackals (D:2)
  A kobold (D:3)
  3 quokkas
  3 ball pythons
  4 bats
  4 frilled lizards
  4 rats
51 creatures vanquished.

Notes
Turn   | Place    | Note
-------+----------+-------------------------------------------
     0 | D:1      | retardedninja the Minotaur Fighter began the quest for the
                  | Orb.
     0 | D:1      | Reached XP level 1. HP: 19/19 MP: 0/0
   302 | D:1      | Reached XP level 2. HP: 27/27 MP: 1/1
   328 | D:1      | Found a faded altar of an unknown god.
  1141 | D:2      | Reached XP level 3. HP: 33/33 MP: 2/2
  1735 | D:3      | Found a shimmering altar of Xom.
  1785 | D:3      | Noticed Jessica
  1790 | D:3      | Killed Jessica
  1791 | D:3      | Reached XP level 4. HP: 41/41 MP: 3/3
  1922 | D:3      | Found a bloodstained altar of Trog.
  2099 | D:4      | Found a runed translucent gate.
  2099 | D:4      | Found a runed translucent gate.
  2099 | D:4      | Found a runed translucent gate.
  2107 | D:4      | Noticed sargonster's ghost (amateur HOBe)
  2113 | D:4      | Identified the +13 plate armour of Spring {Int+4}
  2113 | D:4      | Noticed an orc warrior
  2164 | D:4      | Found a shimmering blue altar of Sif Muna.
  2219 | D:4      | Found a staircase to the Ecumenical Temple.
  2272 | Temple   | Entered the Ecumenical Temple
  2299 | Temple   | Became a worshipper of Hepliaklqana the Forgotten
  2809 | D:5      | Entered Level 5 of the Dungeon
  3206 | D:5      | Found a snail-covered altar of Cheibriados.
  3235 | D:5      | Noticed Menkaure
  3241 | D:5      | Slain by Menkaure

Illustrated notes

Levels and vault maps discovered:
D:1:      eino_arrival_cavern_d, layout_basic,
          hellmonk_ecumenical_altar_prayer_group, minmay_misc_feat_rows
D:2:      layout_basic
D:3:      layout_basic, amcnicky_altar_gilded, old_standard_altar,
          serial_rivers, chequers_serial_rivers_micro_e,
          chequers_serial_rivers_micro_d, chequers_serial_rivers_micro_c,
          chequers_serial_rivers_room_b, chequers_serial_rivers_small_a,
          uniq_jessica
D:4:      layout_gridville, mainiacjoe_overflow_chevrons, temple_statues,
          biasface_ghost_orc_armoury
D:5:      layout_basic, lemuel_coloured_pillars_altar,
          mainiacjoe_overflow_tiny_flanked, nicolae_yredelemnul_corpse_copse,
          minmay_splitting_lines, minmay_statues_item,
          ebering_dispersal_statue_hall, uniq_menkaure
Temple:   nicolae_temple_hex_pool

Skill      XL: |  1  2 |
---------------+-------+-----
Fighting       | 4 |  4.6
Armour         | 4 |  4.6
Axes           | 3 |  3.7
Shields        | 4 |  4.6

Action                     |  1- 3 |  4- 6 || total
---------------------------+-------+-------++-------
  Melee: War axe           |    68 |    40 ||   108
         Headbutt          |     7 |     5 ||    12
    Use: Scroll            |       |     6 ||     6
 Armour: Scale mail        |    15 |       ||    15
         Chain mail        |    20 |    22 ||    42
  Dodge: Dodged            |    30 |     8 ||    38
  Block: Buckler           |    22 |     4 ||    26

Table legend: (Time is in decaauts)
 A = Elapsed time spent in this place.
 B = Non-inter-level travel time spent in this place.
 C = Inter-level travel time spent in this place.
 D = Time resting spent in this place.
 E = Time spent auto-exploring this place.
 F = Levels seen in this place.
 G = Mean time per level.
                   A        B        C        D        E       F      G
               +--------+--------+--------+--------+--------+-----+--------+
         Total |   3282 |   3193 |     89 |    242 |   2464 |   6 |  547.0 |
       Dungeon |   3244 |   3164 |     80 |    242 |   2448 |   5 |  648.8 |
        Temple |     37 |     28 |      9 |      0 |     16 |   1 |   37.0 |
               +--------+--------+--------+--------+--------+-----+--------+

Top non-repeatable levels by time:
     D:1: 888 daAuts
     D:4: 751 daAuts
     D:2: 715 daAuts
     D:3: 454 daAuts
     D:5: 435 daAuts
  Temple: 37 daAuts
